Map: Agria Valley

Players

A.I. 1 (Very Hard) - Winner!

  • Race: Zerg Zerg
  • Spawn Location: 5:00

NamroodTuo

  • Race: Terran Terran
  • Spawn Location: 11:00

VOD

Have the link to the VOD?

Description

Time

  • Played on: Jan. 3, 2023, 1:49 p.m.
  • Length: 13:34
Show
View Real Time Build Order
Export as new Build Order

A.I. 1 (Very Hard) Zerg - Winner!

Build Orders: Pool First, Swarm Host 

Get SALT Encoding   

  12  0:00  Drone  
  13  0:12  Overlord  
  13  0:18  Drone  
  14  0:31  Drone x2  
  14  0:34  Drone  
  17  0:48  Spawning Pool  
  16  0:50  Drone  
  17  1:15  Hatchery  
  17  1:16  Drone  
  17  1:19  Extractor  
  17  1:22  Drone  
  17  1:24  Extractor  
  16  1:27  Drone  
  16  1:32  Drone  
  18  1:38  Drone  
  19  1:49  Overlord  
  19  2:00  Queen  
  21  2:05  Zergling x2  
  22  2:11  Drone  
  23  2:26  Queen  
  25  2:33  Drone  
  26  2:40  Drone  
  28  2:44  Drone  
  28  2:48  Drone  
  29  3:02  Roach Warren  
  29  3:05  Drone  
  29  3:08  Drone  
  29  3:11  Zergling x2  
  31  3:14  Zergling x2  
  32  3:20  Overlord  
  32  3:23  Drone  
  32  3:26  Drone  
  34  3:42  Roach x2  
  34  3:43  Roach  
  34  3:45  Roach  
  42  3:50  Lair  
  42  3:54  Overlord  
  42  4:00  Overlord  
  42  4:05  Zergling x2  
  42  4:06  Zergling x2  
  44  4:13  Drone x2, Zergling x2  
  44  4:16  Drone  
  48  4:18  Drone  
  48  4:21  Drone  
  50  4:25  Roach  
  50  4:28  Roach  
  54  4:33  Overlord  
  54  4:41  Drone  
  54  4:43  Drone  
  54  4:45  Drone  
  57  4:46  Drone  
  57  4:50  Drone, Infestation Pit  
  57  4:52  Overlord  
  58  4:57  Overlord  
  58  5:00  Roach  
  58  5:05  Hydralisk Den  
  59  5:10  Drone  
  59  5:12  Drone  
  59  5:13  Drone  
  62  5:15  Drone  
  62  5:17  Drone  
  62  5:18  Drone  
  62  5:21  Drone  
  66  5:23  Drone  
  66  5:24  Drone  
  66  5:26  Drone  
  66  5:28  Drone  
  70  5:30  Drone  
  70  5:32  Drone  
  70  5:34  Infestor  
  74  5:36  Hydralisk  
  74  5:40  Overlord  
  74  5:41  Hydralisk  
  78  5:44  Roach  
  78  5:46  Roach  
  78  5:48  Roach  
  84  5:57  Hydralisk, Infestor  
  84  5:58  Overlord, Ravager  
  84  6:00  Roach, Ravager  
  92  6:12  Extractor  
  92  6:15  Extractor, Roach, Hydralisk  
  92  6:16  Drone, Overlord  
  95  6:18  Baneling Nest  
  95  6:19  Drone  
  95  6:22  Infestor  
  97  6:34  Drone x2, Overlord  
  97  6:38  Drone x3  
  102  6:44  Infestor  
  106  6:47  Roach  
  106  6:49  Roach  
  106  6:52  Roach, Overlord  
  110  7:00  Metabolic Boost  
  110  7:01  Evolution Chamber  
  110  7:03  Drone  
  110  7:04  Baneling x2, Spine Crawler  
  110  7:05  Drone, Baneling  
  110  7:07  Evolution Chamber  
  109  7:08  Drone, Baneling  
  109  7:11  Overlord  
  109  7:15  Baneling  
  110  7:17  Baneling  
  110  7:20  Spine Crawler, Baneling  
  110  7:22  Baneling  
  109  7:27  Overseer  
  109  7:35  Centrifugal Hooks  
  109  7:44  Hatchery  
  109  7:45  Zerg Missile Weapons Level 1, Drone  
  109  7:59  Drone, Spore Crawler  
  109  8:00  Spore Crawler, Zerg Ground Armor Level 1  
  109  8:01  Drone  
  109  8:04  Hydralisk  
  111  8:09  Hydralisk  
  113  8:18  Spine Crawler  
  112  8:27  Lurker Den  
  112  8:28  Drone  
  112  8:41  Ravager  
  113  8:43  Roach, Queen, Overlord  
  117  8:50  Ravager  
  117  8:52  Roach  
  117  8:55  Roach  
  122  8:56  Drone  
  122  8:57  Roach, Drone x5, Spine Crawler  
  122  8:58  Drone x4  
  122  8:59  Drone x4  
  122  9:01  Overlord, Drone  
  122  9:02  Drone x2  
  140  9:03  Drone  
  140  9:06  Drone  
  140  9:07  Drone  
  143  9:16  Zergling x2  
  143  9:17  Extractor, Hatchery  
  143  9:19  Drone  
  143  9:20  Overlord, Hive  
  143  9:22  Drone  
  143  9:34  Zergling x4, Baneling  
  143  9:36  Zergling x2, Baneling  
  136  9:39  Drone x2, Zergling x2  
  136  9:40  Roach, Zergling x4  
  136  9:44  Evolution Chamber  
  122  9:45  Roach  
  122  9:46  Spore Crawler  
  122  9:47  Hydralisk  
  122  9:49  Drone, Spore Crawler  
  122  9:50  Hydralisk  
  122  9:51  Roach  
  122  9:52  Roach  
  116  9:57  Roach  
  116  9:58  Baneling  
  116  9:59  Roach  
  108  10:02  Roach  
  104  10:09  Infestor  
  104  10:11  Extractor, Roach  
  104  10:13  Roach  
  105  10:15  Roach  
  107  10:26  Infestor, Ravager  
  112  10:28  Roach  
  112  10:30  Queen, Drone x3  
  112  10:31  Drone x4  
  112  10:32  Viper  
  124  10:36  Baneling x4  
  124  10:38  Baneling  
  124  10:39  Baneling  
  124  10:41  Baneling  
  124  10:42  Baneling, Zergling x2  
  125  10:44  Baneling  
  125  10:45  Extractor, Baneling  
  125  10:46  Drone, Zergling x2  
  125  10:47  Extractor, Baneling  
  125  10:49  Drone  
  126  10:52  Ravager  
  126  10:53  Roach  
  126  10:56  Hydralisk  
  129  10:59  Hydralisk  
  129  11:02  Baneling  
  129  11:03  Zergling x2  
  134  11:07  Drone, Spine Crawler  
  134  11:08  Spine Crawler  
  134  11:10  Drone  
  134  11:11  Infestor  
  136  11:18  Infestor  
  136  11:20  Roach  
  136  11:22  Roach  
  136  11:23  Roach  
  136  11:25  Hydralisk  
  146  11:27  Hydralisk, Overlord  
  146  11:29  Baneling  
  146  11:30  Baneling, Zergling x2  
  149  11:34  Lurker  
  149  11:36  Hydralisk  
  152  11:42  Lurker  
  152  11:43  Hydralisk  
  152  11:46  Overlord  
  155  11:47  Ravager  
  155  11:49  Roach, Spore Crawler  
  155  11:50  Drone  
  155  11:51  Spore Crawler  
  155  11:52  Drone, Ravager  
  155  11:54  Roach  
  161  12:03  Spine Crawler  
  161  12:04  Drone, Overlord  
  161  12:05  Roach, Overlord, Overseer  
  161  12:06  Pneumatized Carapace  
  161  12:07  Spore Crawler  
  161  12:08  Roach, Drone  
  165  12:10  Swarm Host  
  165  12:13  Overseer  
  165  12:14  Swarm Host  
  171  12:17  Swarm Host  
  171  12:21  Swarm Host  
  177  12:25  Swarm Host  
  177  12:28  Swarm Host  
  183  12:31  Swarm Host  
  183  12:35  Swarm Host  
  189  12:40  Drone, Spine Crawler  
  189  12:41  Spine Crawler  
  189  12:43  Drone  
  189  12:44  Viper  
  192  12:52  Spine Crawler  
  192  12:54  Drone  
  192  13:00  Zergling x2  
  192  13:03  Zergling x2  
  184  13:10  Overlord, Overseer x2  
  181  13:15  Hatchery  
  181  13:17  Drone  
  181  13:19  Baneling x2  
  177  13:20  Spore Crawler  
  177  13:21  Drone  
  177  13:22  Spore Crawler  
  177  13:25  Spore Crawler  
  176  13:31  Spine Crawler  
Show
View Real Time Build Order
Export as new Build Order

NamroodTuo Terran 

Build Orders:  

Get SALT Encoding   

  12  0:00  SCV  
  13  0:12  SCV  
  14  0:18  Supply Depot  
  14  0:25  SCV  
  15  0:44  Barracks  
  15  0:54  SCV  
  16  1:07  Barracks, SCV  
  17  1:16  Supply Depot  
  17  1:19  SCV  
  18  1:31  SCV  
  19  1:36  Supply Depot  
  19  1:37  Marine  
  20  1:43  SCV  
  20  1:45  Barracks  
  21  1:55  Marine  
  22  2:03  Refinery  
  22  2:04  SCV  
  22  2:05  Refinery  
  22  2:07  Marine  
  24  2:13  Marine  
  24  2:15  Bunker  
  25  2:23  SCV  
  25  2:28  Marine  
  27  2:31  Marine  
  27  2:35  SCV  
  29  2:58  Marine, Engineering Bay  
  30  3:00  Barracks Tech Lab  
  30  3:01  Marine  
  31  3:07  SCV  
  32  3:19  SCV  
  33  3:21  Bunker  
  33  3:37  Neosteel Armor  
  33  3:55  Bunker  
  33  3:59  Marine x3  
  36  4:11  Combat Shield  
  36  4:17  Marine x2  
  38  4:29  Supply Depot  
  38  4:52  Supply Depot  
  38  4:58  Marine x2  
  38  4:59  Marine  
  41  5:14  Supply Depot  
  41  5:15  Marine  
  41  5:16  Marine  
  41  5:17  Terran Infantry Weapons Level 1, Marauder  
  41  5:19  SCV  
  46  5:33  Marine x2  
  48  5:39  Marauder  
  50  5:45  Factory  
  50  5:51  Marine x2  
  52  6:00  Marauder  
  54  6:09  Marine  
  55  6:22  Marauder  
  57  6:41  Missile Turret  
  57  6:51  Marine x2  
  57  6:52  Marine  
  60  7:00  Armory  
  60  7:05  Missile Turret  
  60  7:09  Marine x3  
  60  7:12  Terran Infantry Armor Level 1  
  63  7:21  Orbital Command  
  63  7:25  Missile Turret  
  63  7:39  Supply Depot  
  63  7:49  Missile Turret  
  63  8:00  Marine x3, Starport  
  63  8:01  Supply Depot  
  66  8:18  Marine x3  
  69  8:24  Supply Depot  
  69  8:32  Supply Depot  
  69  8:35  Marine  
  69  8:36  Marine, Marauder  
  73  8:50  Starport Reactor  
  73  8:54  Supply Depot  
  73  8:55  Terran Vehicle And Ship Armor Level 1  
  73  8:57  Marauder  
  75  9:06  Hi-Sec Auto Tracking, Missile Turret  
  75  9:29  Medivac x2  
  79  9:33  Supply Depot  
  46  10:02  Terran Infantry Weapons Level 2  
  46  10:06  Marine x3  
  48  10:14  Medivac  
  50  10:23  Marine  
  50  10:24  Marine x2  
  53  10:41  Marine  
  53  10:42  Marine  
  55  11:06  Medivac x2  
  55  11:08  Marine  
  55  11:09  Marine x2  
  62  11:26  Marine x3  
  65  12:01  Command Center  
  65  12:39  Marine x2  
  65  12:41  Marine  
  68  12:57  Marine  
Tags
 
Composition
Swarm Host
Matchup
TvZ
Opening
Pool First
Replay Pack
Multiplayer
Spawn Locations
Cross Positions
Add a new tag
Caveats
  • Supply blocks, unpowered buildings, or Contaminate may cause inaccurate times.
  • Supply counts are checked every 10 seconds.